| TOP OF THE 1ST |
|
Greenwood Grizzlies batting - Pitching for Gastonia Rockets : RHP Jose Torres
|
|
Pitching: RHP Jose Torres
|
|
|
Batting: RHB Dave Gallagher
|
0-0: Fly out, F7 (Flyball, 7LM, EV 102.5 MPH)
|
|
Batting: RHB Robert Weirum
|
0-0: Called Strike 0-1: Foul Ball, location: 2F 0-2: Ball 1-2: Fly out, F8 (Flyball, 8RM, EV 93.8 MPH)
|
|
Batting: LHB Daryl Boston
|
0-0: Called Strike 0-1: Called Strike 0-2: Ball 1-2: Strikes out swinging
|
| Top of the 1st over - 0 runs, 0 hits, 0 errors, 0 left on base; Greenwood 0 - Gastonia 0 |
| BOTTOM OF THE 1ST |
|
Gastonia Rockets batting - Pitching for Greenwood Grizzlies : LHP Rich Barnes
|
|
Pitching: LHP Rich Barnes
|
|
|
Batting: SHB Billy Heimach
|
0-0: Ball 1-0: Ball 2-0: Swinging Strike 2-1: Foul Ball, location: 2F 2-2: Foul Ball, location: 2F 2-2: Ground out 6-3 (Groundball, 6, EV 103.1 MPH)
|
|
Batting: RHB Jackie Wright
|
0-0: Fly out, F3 (Popup, 3SF, EV 86.3 MPH)
|
|
Batting: RHB James Crawford
|
0-0: Foul Ball, location: 2F 0-1: Swinging Strike 0-2: Ball 1-2: Ball 2-2: Ball 3-2: Fly out, F4 (Popup, 4, EV 67.5 MPH)
|
| Bottom of the 1st over - 0 runs, 0 hits, 0 errors, 0 left on base; Greenwood 0 - Gastonia 0 |
| TOP OF THE 2ND |
|
Greenwood Grizzlies batting - Pitching for Gastonia Rockets : RHP Jose Torres
|
|
Batting: LHB John Flammang
|
0-0: Called Strike 0-1: Ball 1-1: Fly out, F6 (Popup, 6D, EV 48.8 MPH)
|
|
Batting: RHB Jim Sherman
|
0-0: Foul Ball, location: 2F 0-1: Swinging Strike 0-2: Ground out 5-3 (Groundball, 56S, EV 91.3 MPH)
|
|
Batting: RHB George Chadwick
|
0-0: Ball 1-0: Foul Ball, location: 2F 1-1: Ball 2-1: Foul Ball, location: 2F 2-2: Foul Ball, location: 2F 2-2: Foul Ball, location: 2F 2-2: Ground out 6-3 (Groundball, 6, EV 91.3 MPH)
|
| Top of the 2nd over - 0 runs, 0 hits, 0 errors, 0 left on base; Greenwood 0 - Gastonia 0 |
| BOTTOM OF THE 2ND |
|
Gastonia Rockets batting - Pitching for Greenwood Grizzlies : LHP Rich Barnes
|
|
Batting: RHB Mark Davidson
|
0-0: Ball 1-0: Ball 2-0: Ball 3-0: Foul Ball, location: 2F 3-1: Fly out, F7 (Flyball, 7, EV 86.9 MPH)
|
|
Batting: LHB Reginald Thomas
|
0-0: Called Strike 0-1: Ball 1-1: Ball 2-1: Swinging Strike 2-2: Foul Ball, location: 2F 2-2: Foul Ball, location: 2F 2-2: Strikes out looking
|
|
Batting: RHB Pat Dumouchelle
|
0-0: Called Strike 0-1: Ball 1-1: Ball 2-1: Foul Ball, location: 2F 2-2: Foul Ball, location: 2F 2-2: Ground out 5-3 (Groundball, 25, EV 81.3 MPH)
|
| Bottom of the 2nd over - 0 runs, 0 hits, 0 errors, 0 left on base; Greenwood 0 - Gastonia 0 |
| TOP OF THE 3RD |
|
Greenwood Grizzlies batting - Pitching for Gastonia Rockets : RHP Jose Torres
|
|
Batting: RHB Therron Harper
|
0-0: Ball 1-0: Fly out, F4 (Popup, 4, EV 50.6 MPH)
|
|
Batting: RHB Jordan Chavez
|
0-0: Ball 1-0: Ball 2-0: Foul Ball, location: 2F 2-1: Called Strike 2-2: Fly out, F8 (Line Drive, 8LM, EV 110.0 MPH)
|
|
Batting: RHB Timothy Hume
|
0-0: DOUBLE (Flyball, 89D, EV 87.5 MPH)
|
|
Batting: RHB Dave Gallagher
|
0-0: Ball 1-0: SINGLE (Groundball, 5D, EV 103.8 MPH) Timothy Hume to third Runner from 3rd tries for Home, SAFE, throw by LF to home
|
|
Batting: RHB Robert Weirum
|
0-0: Ball 1-0: Foul Ball, location: 2F 1-1: Called Strike 1-2: Strikes out swinging
|
| Top of the 3rd over - 1 run, 2 hits, 0 errors, 1 left on base; Greenwood 1 - Gastonia 0 |
| BOTTOM OF THE 3RD |
|
Gastonia Rockets batting - Pitching for Greenwood Grizzlies : LHP Rich Barnes
|
|
Batting: LHB Dale Holman
|
0-0: Called Strike 0-1: Ball 1-1: Foul Ball, location: 2F 1-2: Strikes out swinging
|
|
Batting: RHB Donald Murelli
|
0-0: Foul Ball, location: 2F 0-1: Called Strike 0-2: SINGLE (Line Drive, 56, EV 100.0 MPH)
|
|
Batting: RHB Kurt Kingsolver
|
0-0: Ball 1-0: Foul Ball, location: 2F 1-1: Called Strike 1-2: Foul Ball, location: 2F 1-2: Ball 2-2: Fielders Choice at 2nd, 6-4 (Groundball, 56, EV 81.9 MPH)
|
|
Batting: SHB Billy Heimach
|
0-0: Called Strike 0-1: Ball 1-1: Ball 2-1: Ball 3-1: Base on Balls Kurt Kingsolver to second
|
|
Batting: RHB Jackie Wright
|
0-0: Fielders Choice at 2nd, U4 (Groundball, 4M, EV 100.6 MPH)
|
| Bottom of the 3rd over - 0 runs, 1 hit, 0 errors, 2 left on base; Greenwood 1 - Gastonia 0 |
| TOP OF THE 4TH |
|
Greenwood Grizzlies batting - Pitching for Gastonia Rockets : RHP Jose Torres
|
|
Batting: LHB Daryl Boston
|
0-0: Ball 1-0: Fly out, F7 (Line Drive, 7, EV 90.0 MPH)
|
|
Batting: LHB John Flammang
|
0-0: Called Strike 0-1: SOLO HOME RUN (Line Drive, 9D, EV 96.3 MPH), Distance : 372 ft
|
|
Batting: RHB Jim Sherman
|
0-0: Foul Ball, location: 2F 0-1: Swinging Strike 0-2: Ground out 5-3 (Groundball, 5L, EV 106.3 MPH)
|
|
Batting: RHB George Chadwick
|
0-0: Ball 1-0: Ball 2-0: Called Strike 2-1: Ball 3-1: Base on Balls
|
|
Batting: RHB Therron Harper
|
0-0: Ball 1-0: Ball 2-0: Called Strike 2-1: Fly out, F4 (Flyball, 3D, EV 83.8 MPH)
|
| Top of the 4th over - 1 run, 1 hit, 0 errors, 1 left on base; Greenwood 2 - Gastonia 0 |
| BOTTOM OF THE 4TH |
|
Gastonia Rockets batting - Pitching for Greenwood Grizzlies : LHP Rich Barnes
|
|
Batting: RHB James Crawford
|
0-0: Ball 1-0: Called Strike 1-1: Ground out 6-3 (Groundball, 6S, EV 81.9 MPH)
|
|
Batting: RHB Mark Davidson
|
0-0: Called Strike 0-1: Foul Ball, location: 2F 0-2: Strikes out swinging, 2-3 out at first.
|
|
Batting: LHB Reginald Thomas
|
0-0: Foul Ball, location: 2F 0-1: Swinging Strike 0-2: Ball 1-2: Fly out, F4 (Flyball, 4D, EV 95.6 MPH)
|
| Bottom of the 4th over - 0 runs, 0 hits, 0 errors, 0 left on base; Greenwood 2 - Gastonia 0 |
| TOP OF THE 5TH |
|
Greenwood Grizzlies batting - Pitching for Gastonia Rockets : RHP Jose Torres
|
|
Batting: RHB Jordan Chavez
|
0-0: Called Strike 0-1: Ground out U3 (Groundball, 34, EV 98.8 MPH)
|
|
Batting: RHB Timothy Hume
|
0-0: Ball 1-0: Ball 2-0: Called Strike 2-1: Ball 3-1: Called Strike 3-2: Base on Balls
|
|
Batting: RHB Dave Gallagher
|
0-0: Grounds into double play, 5-4-3 (Groundball, 5D, EV 84.4 MPH)
|
| Top of the 5th over - 0 runs, 0 hits, 0 errors, 0 left on base; Greenwood 2 - Gastonia 0 |
| BOTTOM OF THE 5TH |
|
Gastonia Rockets batting - Pitching for Greenwood Grizzlies : LHP Rich Barnes
|
|
Batting: RHB Pat Dumouchelle
|
0-0: Ball 1-0: Ball 2-0: Called Strike 2-1: Foul Ball, location: 2F 2-2: Ball 3-2: Foul Ball, location: 2F 3-2: Fly out, F3 (Popup, 3, EV 70.0 MPH)
|
|
Batting: LHB Dale Holman
|
0-0: Called Strike 0-1: Ground out 4-3 (Groundball, 4S, EV 71.3 MPH)
|
|
Batting: RHB Donald Murelli
|
0-0: Ball 1-0: Ball 2-0: Ball 3-0: Base on Balls
|
|
Batting: RHB Kurt Kingsolver
|
0-0: Fly out, F8 (Flyball, 8RD, EV 87.5 MPH)
|
| Bottom of the 5th over - 0 runs, 0 hits, 0 errors, 1 left on base; Greenwood 2 - Gastonia 0 |
| TOP OF THE 6TH |
|
Greenwood Grizzlies batting - Pitching for Gastonia Rockets : RHP Jose Torres
|
|
Batting: RHB Robert Weirum
|
0-0: Ball 1-0: Foul Ball, location: 2F 1-1: Foul Ball, location: 2F 1-2: Foul Ball, location: 2F 1-2: TRIPLE (Groundball, 3L, EV 101.3 MPH)
|
|
Batting: LHB Daryl Boston
|
0-0: Foul Ball, location: 2F 0-1: Swinging Strike 0-2: Strikes out looking
|
|
Batting: LHB John Flammang
|
0-0: Intentional Walk
|
|
Batting: RHB Jim Sherman
|
0-0: DOUBLE (Line Drive, 5D, EV 99.4 MPH) Robert Weirum scores John Flammang to third Runner from 3rd tries for Home, SAFE, throw by LF to trailing runner, OUT at third! 7-6-5
|
|
Batting: RHB George Chadwick
|
0-0: Foul Ball, location: 2F 0-1: Ball 1-1: Swinging Strike 1-2: Foul Ball, location: 2F 1-2: Fly out, F8 (Flyball, 8LXD, EV 92.5 MPH)
|
| Top of the 6th over - 2 runs, 2 hits, 0 errors, 0 left on base; Greenwood 4 - Gastonia 0 |
| BOTTOM OF THE 6TH |
|
Gastonia Rockets batting - Pitching for Greenwood Grizzlies : LHP Rich Barnes
|
|
Batting: SHB Billy Heimach
|
0-0: Fly out, F5 (Flyball, 5D, EV 85.0 MPH)
|
|
Batting: RHB Jackie Wright
|
0-0: Fly out, F9 (Line Drive, 9S, EV 93.1 MPH)
|
|
Batting: RHB James Crawford
|
0-0: Called Strike 0-1: Ground out 6-3 (Groundball, 6, EV 88.8 MPH)
|
| Bottom of the 6th over - 0 runs, 0 hits, 0 errors, 0 left on base; Greenwood 4 - Gastonia 0 |
| TOP OF THE 7TH |
|
Greenwood Grizzlies batting - Pitching for Gastonia Rockets : RHP Jose Torres
|
|
Batting: RHB Therron Harper
|
0-0: Ball 1-0: Called Strike 1-1: Called Strike 1-2: Ball 2-2: Foul Ball, location: 2F 2-2: Foul Ball, location: 2F 2-2: Ball 3-2: Strikes out swinging
|
|
Batting: RHB Jordan Chavez
|
0-0: Ground out 4-3 (Groundball, 4M, EV 82.5 MPH)
|
|
Batting: RHB Timothy Hume
|
0-0: Called Strike 0-1: Foul Ball, location: 2F 0-2: Ball 1-2: Ball 2-2: Ground out 6-3 (Groundball, 6, EV 86.3 MPH)
|
| Top of the 7th over - 0 runs, 0 hits, 0 errors, 0 left on base; Greenwood 4 - Gastonia 0 |
| BOTTOM OF THE 7TH |
|
Gastonia Rockets batting - Pitching for Greenwood Grizzlies : LHP Rich Barnes
|
|
Batting: RHB Mark Davidson
|
0-0: Ball 1-0: Ball 2-0: SINGLE (Groundball, 56S, EV 70.0 MPH) (infield hit)
|
|
Batting: LHB Reginald Thomas
|
0-0: Ball 1-0: Foul Ball, location: 2F 1-1: Ball 2-1: Ball 3-1: Base on Balls Mark Davidson to second
|
|
Batting: RHB Pat Dumouchelle
|
0-0: Ball 1-0: Ball 2-0: Ball 3-0: Base on Balls Mark Davidson to third Reginald Thomas to second
|
|
Batting: LHB Dale Holman
|
0-0: Ball 1-0: Called Strike 1-1: Called Strike 1-2: Ball 2-2: Ball 3-2: Foul Ball, location: 2F 3-2: Base on Balls Mark Davidson scores Reginald Thomas to third Pat Dumouchelle to second
|
|
Batting: RHB Donald Murelli
|
0-0: Called Strike 0-1: Called Strike 0-2: Ball 1-2: Ball 2-2: Strikes out swinging
|
|
Batting: RHB Kurt Kingsolver
|
0-0: Foul Ball, location: 2F 0-1: Foul Ball, location: 2F 0-2: Fly out, F9 (Line Drive, 9, EV 103.1 MPH) Runner from 3rd tags up, SCORES, throw by RF
|
|
Batting: SHB Billy Heimach
|
0-0: Called Strike 0-1: Ball 1-1: Ball 2-1: Ball 3-1: Base on Balls Pat Dumouchelle to third Dale Holman to second
|
|
Batting: RHB Jackie Wright
|
0-0: Called Strike 0-1: Ball 1-1: Fly out, F8 (Flyball, 8LM, EV 88.8 MPH)
|
| Bottom of the 7th over - 2 runs, 1 hit, 0 errors, 3 left on base; Greenwood 4 - Gastonia 2 |
| TOP OF THE 8TH |
|
Greenwood Grizzlies batting - Pitching for Gastonia Rockets : RHP Jose Torres
|
|
Batting: RHB Dave Gallagher
|
0-0: Called Strike 0-1: Foul Ball, location: 2F 0-2: Ball 1-2: Ball 2-2: Ball 3-2: Foul Ball, location: 2F 3-2: Ground out 4-3 (Groundball, 34, EV 82.5 MPH)
|
|
Batting: RHB Robert Weirum
|
0-0: Ball 1-0: Ball 2-0: Ball 3-0: Base on Balls
|
|
Batting: LHB Daryl Boston
|
0-0: Fly out, F1 (Line Drive, P, EV 75.6 MPH)
|
|
Batting: LHB John Flammang
|
0-0: Swinging Strike 0-1: Called Strike 0-2: Fielders Choice at 2nd, 6-4 (Groundball, 6, EV 92.5 MPH)
|
| Top of the 8th over - 0 runs, 0 hits, 0 errors, 1 left on base; Greenwood 4 - Gastonia 2 |
| BOTTOM OF THE 8TH |
|
Gastonia Rockets batting - Pitching for Greenwood Grizzlies : LHP Rich Barnes
|
|
Batting: RHB James Crawford
|
0-0: Ball 1-0: Ball 2-0: Fly out, F9 (Flyball, 9S, EV 86.3 MPH)
|
|
Batting: RHB Mark Davidson
|
0-0: Ground out 5-3 (Groundball, 56, EV 99.4 MPH)
|
|
Batting: LHB Reginald Thomas
|
0-0: Called Strike 0-1: Ball 1-1: Ball 2-1: Ball 3-1: Called Strike 3-2: Base on Balls
|
|
Batting: RHB Pat Dumouchelle
|
0-0: Ball 1-0: Swinging Strike 1-1: Ball 2-1: Foul Ball, location: 2F 2-2: Ball 3-2: Base on Balls Reginald Thomas to second
|
|
Pinch Hitting: RHB Glenn Jones
|
0-0: Fly out, F7 (Flyball, 7S, EV 83.1 MPH)
|
| Bottom of the 8th over - 0 runs, 0 hits, 0 errors, 2 left on base; Greenwood 4 - Gastonia 2 |
| TOP OF THE 9TH |
|
Greenwood Grizzlies batting - Pitching for Gastonia Rockets : RHP Jose Torres
|
|
Now at 1B: Stanley Haas
|
|
|
Batting: RHB Jim Sherman
|
0-0: Foul Ball, location: 2F 0-1: Ground out 6-3 (Groundball, 56, EV 80.6 MPH)
|
|
Batting: RHB George Chadwick
|
0-0: Fly out, F7 (Flyball, 78XD, EV 93.1 MPH)
|
|
Batting: RHB Therron Harper
|
0-0: Ball 1-0: Ball 2-0: Ground out 6-3 (Groundball, 6M, EV 108.8 MPH)
|
| Top of the 9th over - 0 runs, 0 hits, 0 errors, 0 left on base; Greenwood 4 - Gastonia 2 |
| BOTTOM OF THE 9TH |
|
Gastonia Rockets batting - Pitching for Greenwood Grizzlies : LHP Rich Barnes
|
|
Pitching: LHP Brian Hayes
|
|
|
Batting: RHB Donald Murelli
|
0-0: Ball 1-0: Fly out, F9 (Flyball, 89D, EV 81.3 MPH)
|
|
Batting: RHB Kurt Kingsolver
|
0-0: Called Strike 0-1: Swinging Strike 0-2: Ball 1-2: Strikes out swinging, 2-3 out at first.
|
|
Batting: SHB Billy Heimach
|
0-0: Called Strike 0-1: Called Strike 0-2: Ball 1-2: Foul Ball, location: 2F 1-2: Ball 2-2: Ball 3-2: Base on Balls
|
|
Batting: RHB Jackie Wright
|
0-0: Called Strike 0-1: Fly out, F8 (Line Drive, 8RD, EV 92.5 MPH)
|
| Bottom of the 9th over - 0 runs, 0 hits, 0 errors, 1 left on base; Greenwood 4 - Gastonia 2 |
|